[Event "Live Chess"]
[Site "Chess.com"]
[Date "2023.05.20"]
[Round "-"]
[White "ReeceHockton"]
[Black "Nico14021974"]
[Result "1-0"]
[WhiteElo "333"]
[BlackElo "458"]
[TimeControl "300"]
[EndTime "10:05:57 PDT"]
[Termination "ReeceHockton won by checkmate"]

1. d4 d5 2. Nf3 Nc6 3. e3 e6 4.
Bd3 Bb4+ 5. c3 Ba5 6. b4 Bb6 7. Qa4 f6 8. g4 Ne7 9. h3 Kf8 10. e4 Nb8 11. Nbd2 Na6 12. b5 Nb8 13. Ba3 c6 14. c4 a6 15. bxc6 bxc6 16. cxd5 exd5 17.
exd5 cxd5 18. Bxe7+ Kxe7 19. Qb4+ Ke8 20. Bf5 g6 21. Bxc8 Qxc8 22. Qxb6 Kd7 23. Qb3 f5 24. O-O fxg4 25. hxg4 Kc7 26. Rac1+ Kd8 27. Rxc8+ Kxc8 28. Qc3+ Kd8 29. Re1 Rf8 30. Kg2 Rf6 31. Rc1 Rc6 32. Qb2 Kc7 33. Rxc6+ Kxc6 34. Ne5+ Kd6 35. Qa3+ Ke6 36.
f4 h6 37. Ndf3 g5 38. fxg5 hxg5 39. Nxg5+ Kf6 40. Qf8+ Kxg5 41. Nd7 Nxd7 42. Qxa8 Kxg4 43. Qxd5 Nf6 44. Qe5 Nd7 45. Qa5 Nc5 46. Qxc5 a5 47. d5 Kf4 48. d6 Kg4 49. d7 Kf4 50. d8=Q Kg4 51. Qdf8 Kh4 52. Qce7+ Kh5 53. Qeg7 Kh4 54. Qfh8# 1-0

[Event "Live Chess"]
[Site "Chess.com"]
[Date "2023.05.20"]
[Round "-"]
[White "YF22Raptor"]
[Black "mightysmasher"]
[Result "0-1"]
[WhiteElo "1007"]
[BlackElo "2090"]
[TimeControl "300"]
[EndTime "10:05:58 PDT"]
[Termination "mightysmasher won by resignation"]

1. e4 e6 2. d4 d5 3. exd5 exd5 4. Nc3 Nf6 5. Bg5 Be7 6. Nf3 O-O 7. Qd2 Ne4 8. Bxe7 Qxe7 9. Nxe4 dxe4 10. Ng5 h6 11.
Nh3 Bxh3 12. gxh3 Nc6 13. Bg2 Rad8 14. c3 Ne5 15. Bxe4 Nf3+ 16. Ke2 Nxd2 17. Kxd2 Qxe4 18. Rae1 Qf3 19. Rhf1 c5 20. Re3 Qf4 21. Kd3 cxd4 22. cxd4 Rxd4+ 23. Ke2 Rfd8 0-1

[Event "Live Chess"]
[Site "Chess.com"]
[Date "2023.05.20"]
[Round "-"]
[White "Daniel_Gliddon_FA"]
[Black "Ian-Morley"]
[Result "1-0"]
[WhiteElo "1052"]
[BlackElo "1044"]
[TimeControl "300"]
[EndTime "10:06:00 PDT"]
[Termination "Daniel_Gliddon_FA won by resignation"]

1. e4 e5 2. d4 exd4 3. c3 dxc3 4. Bc4 cxb2 5. Bxb2 d5 6. Bxd5 Nf6 7. Bxf7+ Kxf7 8. Qxd8 Bb4+ 9. Qd2 Bxd2+ 10. Nxd2 Nc6 11. Ngf3 Nb4 12. O-O Bg4 13. e5 Bxf3 14. Nxf3 Ne4 15. Rae1 Nc5 16. Ng5+ Kg6 17. Ne4 Nxe4 18. Rxe4 Nc6 19. g4 Rad8 20. h4 h6 21. h5+ Kh7 22.
e6 Ne7 23. Rf4 Rhf8 24. Rxf8 Rxf8 25. Rd1 g6 26. Rd7 Re8 27. Bf6 gxh5 28. Rxe7+ Rxe7 29. Bxe7 hxg4 30. Bf6 Kg8 31. e7 Kf7 32. Kg2 c5 33.
Kg3 h5 34. Kh4 c4 35. Kxh5 b5 36. Kxg4 b4 37. Kf3 c3 38. Ke2 c2 39. Kd2 b3 40.
axb3 c1=Q+ 41. Kxc1 Ke8 42. Kc2 a5 43. Kc3 a4 44. bxa4 Kf7 45. a5 Kxf6 46. e8=Q 1-0

[Event "Live Chess"]
[Site "Chess.com"]
[Date "2023.05.20"]
[Round "-"]
[White "Tema1107"]
[Black "AwesomeFredster"]
[Result "1-0"]
[WhiteElo "1983"]
[BlackElo "1376"]
[TimeControl "300"]
[EndTime "10:06:00 PDT"]
[Termination "Tema1107 won by resignation"]

1. e4 e5 2. Nf3 Nc6 3. Bb5 a6 4. Ba4 Nf6 5. d3 b5 6. Bb3 d6 7. O-O Be7 8. c3 O-O 9. Re1 Re8 10. Nbd2 Bf8 11. h3 h6 12. Nf1 Ne7 13. Ng3 Ng6 14. d4 Qe7 15. Bc2 Rd8 16. Nf5 Bxf5 17. exf5 Nf4 18.
Bxf4 1-0

[Event "Live Chess"]
[Site "Chess.com"]
[Date "2023.05.20"]
[Round "-"]
[White "NAZRIZ1977"]
[Black "mattihelenius2"]
[Result "1-0"]
[WhiteElo "2132"]
[BlackElo "445"]
[TimeControl "300"]
[EndTime "10:06:06 PDT"]
[Termination "NAZRIZ1977 won by resignation"]

1. c4 d6 2. g3 e5 3. Bg2 Bf5 4.
d4 Nc6 5. dxe5 Nxe5 6. Bxb7 Rb8 7. Bg2 Nxc4 8. Qa4+ Qd7 9. Bc6 Nb6 10. Bxd7+ Ke7 11. Qxa7 Nxd7 12. Nf3 Be4 13. Nc3 Bxf3 14. exf3 Ngf6 15.
Qxc7 Re8 16. O-O Nd5 17. Nxd5+ Ke6 18. Re1+ Kxd5 19. Rxe8 Nf6 20. Qxf7+ 1-0

[Event "Live Chess"]
[Site "Chess.com"]
[Date "2023.05.20"]
[Round "-"]
[White "luckywookie"]
[Black "Driftboard"]
[Result "1-0"]
[WhiteElo "738"]
[BlackElo "649"]
[TimeControl "300"]
[EndTime "10:06:09 PDT"]
[Termination "luckywookie won by checkmate"]

1. e4 e5 2. Nf3 Nc6 3. c3 Nf6 4. d3 Be7 5. Be3 O-O 6. d4 exd4 7. cxd4 Nxe4 8. d5 Nb4 9. Nc3 Nxc3 10. bxc3 Na6 11.
Bd3 d6 12. h3 c6 13. h4 cxd5 14.
Bg5 Bxg5 15. hxg5 Bg4 16. Bxh7+ Kh8 17. Bf5+ Kg8 18. Bxg4 Re8+ 19. Kf1 f6 20. Qd3 fxg5 21. Qxd5+ Kf8 22. Rh8+ Ke7 23. Qxg5+ Kf7 24. Bh5+ g6 25. Bxg6+ Kg7 26. Rh7+ Kg8 27. Qd5+ Kf8 28. Qf7# 1-0

[Event "Live Chess"]
[Site "Chess.com"]
[Date "2023.05.20"]
[Round "-"]
[White "ranvir123"]
[Black "JohanKjeldahl"]
[Result "0-1"]
[WhiteElo "875"]
[BlackElo "1761"]
[TimeControl "300"]
[EndTime "10:06:11 PDT"]
[Termination "JohanKjeldahl won by resignation"]

1. e4 c5 2. Nf3 e6 3. Nc3 Nc6 4. d4 cxd4 5. Nxd4 Qc7 6. Nxc6 bxc6 7. Bc4 Nf6 8. Bg5 Be7 9. O-O O-O 10. Re1 d5 11.
exd5 exd5 12. Bxf6 Bxf6 13. Bd3 Be6 14. Bxh7+ Kxh7 15. Qh5+ Kg8 16. Re3 g6 17. Qh6 Bg7 18.
Qh4 Rab8 19. Rb1 d4 20. Rf3 dxc3 21. g4 Rxb2 22. Rf1 Rb4 23. Rh3 Rxg4+ 24. Qxg4 0-1

[Event "Live Chess"]
[Site "Chess.com"]
[Date "2023.05.20"]
[Round "-"]
[White "Singapourfeuj"]
[Black "SimonB4a"]
[Result "1/2-1/2"]
[WhiteElo "2260"]
[BlackElo "2196"]
[TimeControl "300"]
[EndTime "10:06:14 PDT"]
[Termination "Game drawn - insufficient material"]

1. d4 e6 2. e4 d5 3. Nc3 Bb4 4.
e5 Ne7 5. a3 Bxc3+ 6. bxc3 c5 7.
Qg4 Qc7 8. Bd3 cxd4 9. Ne2 Nbc6 10. cxd4 Ng6 11. O-O Bd7 12. a4 Nb4 13. Ba3 a5 14. Bxg6 hxg6 15. c3 Nc6 16. Bd6 Qd8 17. Rab1 Bc8 18.
g3 Ne7 19. Nf4 Nf5 20. Rb5 Nxd6 21. exd6 Qxd6 22. Rfb1 O-O 23. h4 e5 24. Rxd5 Bxg4 25. Rxd6 exf4 26. gxf4 Rac8 27. Rb3 Bf3 28. Kh2 Rc4 29.
Kg3 Bc6 30. d5 Bxa4 31. Rxb7 Rxc3+ 32. f3 Bd1 33. Ra6 Bxf3 34. Rc6 Bxd5+ 35. Rxc3 Bxb7 36. Rc7 Bd5 37. Rc5 Be6 38. Rxa5 Rd8 39. h5 Rd3+ 40.
Kf2 gxh5 41. Rxh5 f5 42. Rg5 Kf7 43. Rg1 g6 44. Ra1 Rd7 45. Ra6 Bd5 46. Ra5 Be4 47.
Ra3 g5 48. fxg5 Kg6 49. Rg3 Rd2+ 50. Ke1 Rd3 51. Rg1 Ra3 52. Ke2 Ra2+ 53. Ke3 Ra3+ 54. Kf4 Rf3+ 55. Ke5 Rf2 56. Rg3 Rg2 57. Ra3 Kxg5 58.
Ra7 Rc2 59. Rg7+ Kh4 60. Kf4 Rf2+ 61. Ke5 Rg2 62. Rh7+ Kg3 63. Rg7+ Kf3 64. Ra7 Re2 65. Ra3+ Re3 66. Ra1 Bd3+ 67. Kf6 f4 68. Kg5 Re2 69.
Ra3 Ke4 70. Ra4+ Ke3 71. Rxf4 Rg2+ 72. Rg4 Rxg4+ 73. Kxg4 1/2-1/2

[Event "Live Chess"]
[Site "Chess.com"]
[Date "2023.05.20"]
[Round "-"]
[White "Misha145Chess"]
[Black "lucaskk818"]
[Result "0-1"]
[WhiteElo "598"]
[BlackElo "1869"]
[TimeControl "300"]
[EndTime "10:06:15 PDT"]
[Termination "lucaskk818 won by checkmate"]

1. d4 f5 2. Nc3 Nf6 3. f3 g6 4. e4 Bg7 5. e5 Ng8 6. Bf4 d6 7. exd6 exd6 8. Qd3 Nf6 9. Bg5 O-O 10. O-O-O h6 11.
Bh4 g5 12. Bg3 f4 13. Bf2 Nc6 14. d5 Nb4 15. Qc4 Na6 16. Ne4 Nxe4 17. Qxe4 Qf6 18.
c3 Bf5 19. Qe2 Rae8 20. Qb5 Nc5 21. Bxc5 dxc5 22. Qxc5 b6 23. Qxc7 Rc8 24. Qxa7 Rxc3+ 25. bxc3 Qxc3# 0-1

[Event "Live Chess"]
[Site "Chess.com"]
[Date "2023.05.20"]
[Round "-"]
[White "LiamBellwood"]
[Black "terrub10"]
[Result "1-0"]
[WhiteElo "2093"]
[BlackElo "517"]
[TimeControl "300"]
[EndTime "10:06:17 PDT"]
[Termination "LiamBellwood won by checkmate"]

1. d4 d5 2. Nc3 Nf6 3. Bf4 Nc6 4. Nb5 e5 5. Bxe5 Nxe5 6. dxe5 Bd7 7. exf6 Bxb5 8. e3 gxf6 9. Bxb5+ c6 10. Bd3 c5 11.
Bb5+ Ke7 12. Nf3 c4 13. O-O f5 14. Qd4 Rg8 15. Qe5# 1-0

[Event "Live Chess"]
[Site "Chess.com"]
[Date "2023.05.20"]
[Round "-"]
[White "Bob2pen"]
[Black "OceanFloater"]
[Result "1-0"]
[WhiteElo "1777"]
[BlackElo "984"]
[TimeControl "300"]
[EndTime "10:06:23 PDT"]
[Termination "Bob2pen won by resignation"]

1. c4 c6 2. g3 d5 3. Bg2 Nf6 4.
Nf3 Bg4 5. O-O Nbd7 6. d3 e5 7. cxd5 cxd5 8. Qa4 a6 9. h3 Be6 10. Ng5 b5 11. Qd1 h6 12. Nxe6 fxe6 13. Nc3 Rc8 14. Bd2 d4 15. Ne4 Nxe4 16. Bxe4 Nf6 17. Bg6+ Kd7 18. a4 Qb6 19. axb5 axb5 20. Qb3 Nd5 21. Be4 Bd6 22. Bxd5 exd5 23. Qxd5 Rhf8 24. Bb4 Rc6 25. Rfc1 Rf6 26. Rxc6 Qxc6 27. Ra7+ Kc8 28. Qxc6+ 1-0

[Event "Live Chess"]
[Site "Chess.com"]
[Date "2023.05.20"]
[Round "-"]
[White "ossie57"]
[Black "LaupMiths"]
[Result "1-0"]
[WhiteElo "1842"]
[BlackElo "1827"]
[TimeControl "300"]
[EndTime "10:06:36 PDT"]
[Termination "ossie57 won by checkmate"]

1. d4 Nf6 2. Nc3 e6 3. Bf4 a6 4.
e4 d5 5. e5 Nfd7 6. Qd3 c5 7.
O-O-O Nc6 8. Qg3 cxd4 9. Nce2 Qb6 10. Nf3 g6 11. h4 Bc5 12. h5 Qa5 13. hxg6 fxg6 14.
Kb1 Ne7 15. Nfxd4 Nf8 16. Bh6 Bd7 17. Bxf8 Kxf8 18. Nf4 Kf7 19. Be2 Nf5 20. Nxf5 gxf5 21. Bh5+ Kf8 22. Qg5 Be7 23. Qh6+ Kg8 24. Ng6 Bf8 25.
Nxf8 Rxf8 26. Qg5# 1-0

[Event "Live Chess"]
[Site "Chess.com"]
[Date "2023.05.20"]
[Round "-"]
[White "Duke_of_Bebington"]
[Black "JackCheetham1"]
[Result "1-0"]
[WhiteElo "1575"]
[BlackElo "1692"]
[TimeControl "300"]
[EndTime "10:06:42 PDT"]
[Termination "Duke_of_Bebington won on time"]

1. e4 c5 2. c3 d6 3. d4 cxd4 4. cxd4 Nf6 5. Nc3 g6 6. Be3 Bg7 7. Bc4 a6 8. Nge2 b5 9. Bb3 Bb7 10. a3 Nxe4 11. Nxe4 Bxe4 12. Nc3 Bxg2 13. Rg1 Bb7 14.
h4 Nd7 15. h5 Nf6 16. hxg6 fxg6 17. Qc2 Rc8 18. Qd2 d5 19. Bc2 O-O 20. Bh6 Qd7 21.
Bxg6 Qe6+ 22. Ne2 Ng4 23. Bxg7 Kxg7 24. Bh5 Kh8 25. Bxg4 Qe4 26. Bf3 Qxf3 27. Qg5 Qxf2+ 28. Kd2 Rf7 29. Qe5+ Qf6 30. Qh5 Qc6 31. Rac1 1-0

[Event "Live Chess"]
[Site "Chess.com"]
[Date "2023.05.20"]
[Round "-"]
[White "RoaringKnights"]
[Black "peter-785"]
[Result "0-1"]
[WhiteElo "931"]
[BlackElo "1159"]
[TimeControl "300"]
[EndTime "10:06:44 PDT"]
[Termination "peter-785 won on time"]

1. e4 c5 2. Bc4 d6 3. Nf3 e6 4. d4 cxd4 5. Nxd4 Nf6 6. Bg5 Be7 7. Nc3 O-O 8. Nf3 Nbd7 9. O-O a6 10. Bxf6 Bxf6 11. Bb3 b5 12. a3 Nc5 13. e5 dxe5 14. Qxd8 Rxd8 15. Rfe1 Nxb3 16. cxb3 Bb7 17. Nxe5 h6 18.
Ng4 Bg5 19. a4 b4 20. Ne2 Rd2 21. Ng3 Rxb2 22. Rab1 Rxb1 23. Rxb1 Rc8 24. Rd1 Rc1 25. Rxc1 Bxc1 26. f3 Bb2 27. Ne3 Bd4 28. Kf2 Bxe3+ 29.
Kxe3 Bd5 30. Kd4 Bxb3 31. Kc5 a5 32. Kb5 Bd5 33. Kxa5 b3 34. Ne2 Kf8 35. Nc3 Ke7 36.
Kb4 Kd7 37. a5 Kc6 38. Ka3 Kb7 39. Nxd5 exd5 40. Kxb3 Ka6 41. Kb4 d4 42. Kc4 d3 43.
Kxd3 Kxa5 44. Ke4 Kb6 45. Kd5 Kc7 46. g4 Kd7 47. h4 Ke7 48. Ke5 g6 49. g5 h5 50. f4 Kf8 51. f5 Kg7 52. f6+ Kf8 53. Kf4 Ke8 54. Ke5 Kd7 55. Kd5 Kc7 56. Kc5 Kd7 57.
Kd5 Kc7 58. Ke5 Kd7 59. Kf4 Ke6 60. Kg3 Kf5 61. Kh3 Kf4 62. Kh2 Kg4 63. Kg2 Kxh4 64.
Kh2 Kxg5 65. Kg3 Kxf6 66. Kh4 Kf5 67. Kg3 f6 68. Kh4 Ke5 69. Kh3 f5 70. Kh4 Kf6 71.
Kg3 g5 72. Kf3 h4 73. Kg2 Kg6 0-1

[Event "Live Chess"]
[Site "Chess.com"]
[Date "2023.05.20"]
[Round "-"]
[White "ramses-IIG"]
[Black "MaximKris"]
[Result "0-1"]
[WhiteElo "744"]
[BlackElo "1845"]
[TimeControl "300"]
[EndTime "10:06:45 PDT"]
[Termination "MaximKris won by checkmate"]

1. e4 e5 2. Nf3 Nc6 3. Bb5 a6 4. Bxc6 dxc6 5. d3 Bd6 6. O-O Bg4 7. Nc3 h5 8. h3 Nf6 9. hxg4 hxg4 10. Ng5 Bc5 11.
Na4 Ba7 12. c3 b5 13. d4 bxa4 14. dxe5 Qxd1 15. Rxd1 Nh5 16. b3 Ng3 17. Nh3 gxh3 18. Kh2 hxg2+ 19. Kxg3 Rh1 20. Be3 Bxe3 21. fxe3 Rxd1 22.
Rxd1 axb3 23. axb3 Rd8 24. Ra1 Rd3 25. Kxg2 Rxe3 26. Rxa6 Rxc3 27. b4 Kd7 28. Kf2 Ke6 29. Ke2 Kxe5 30. Kd2 Rc4 31. Kd3 Rxb4 32. Rxc6 Rd4+ 33.
Kc3 Rxe4 34. Rxc7 Ke6 35. Rc8 Rf4 36. Rg8 g6 37. Re8+ Kf5 38. Rf8 f6 39. Kd3 g5 40.
Ra8 Rh4 41. Ra5+ Kg6 42. Rd5 Kh5 43. Rf5 Kg6 44. Rf3 f5 45. Ke3 g4 46. Rf4 Kg5 47.
Rc4 Rh3+ 48. Kd4 Rf3 49. Ke5 Re3+ 50. Kd5 Re4 51. Rc6 g3 52. Rc3 Rg4 53. Rf3 f4 54.
Ke5 g2 55. Rh3 g1=Q 56. Rh7 Qc5+ 57. Ke6 Qc6+ 58. Ke7 Qf6+ 59. Ke8 Qg6+ 60. Rf7 Qxf7+ 61. Kxf7 f3 62. Ke6 f2 63. Ke5 f1=Q 64. Kd5 Rg2 65. Kc5 Re2 66. Kb6 Qd1 67. Ka7 Rc2 68. Ka6 Qb1 69.
Ka7 Ra2# 0-1

[Event "Live Chess"]
[Site "Chess.com"]
[Date "2023.05.20"]
[Round "-"]
[White "Hacker_2009"]
[Black "ProfPoisson"]
[Result "1-0"]
[WhiteElo "1899"]
[BlackElo "1093"]
[TimeControl "300"]
[EndTime "10:06:46 PDT"]
[Termination "Hacker_2009 won by checkmate"]

1. d4 e6 2. Nf3 f5 3. c4 Nf6 4. Nc3 Bb4 5. e3 Bxc3+ 6. bxc3 O-O 7. Be2 b6 8. O-O Bb7 9. Rb1 d6 10. Qb3 Qe8 11. c5 Kh8 12. cxd6 cxd6 13. Ng5 Qg6 14. e4 Nxe4 15. Nxe4 Bxe4 16. f3 Bxb1 17. Qxb1 Nc6 18. f4 e5 19. fxe5 dxe5 20. d5 Ne7 21. Ba3 Rfe8 22. Rd1 Rac8 23. Bb5 Rxc3 24.
Bxe8 Qxe8 25. Qb4 Rxa3 26. Qxa3 Qh5 27. Rc1 f4 28. Qxe7 h6 29. d6 Qe2 30. Qc7 Qe3+ 31. Kh1 f3 32. Qc8+ Kh7 33. Qf5+ Kh8 34. Rc8# 1-0

[Event "Live Chess"]
[Site "Chess.com"]
[Date "2023.05.20"]
[Round "-"]
[White "OBrightwell100"]
[Black "Nazarenko_vital"]
[Result "1-0"]
[WhiteElo "1324"]
[BlackElo "1587"]
[TimeControl "300"]
[EndTime "10:06:47 PDT"]
[Termination "OBrightwell100 won on time"]

1. e4 d5 2. exd5 Qxd5 3. Nc3 Qa5 4. d4 Nf6 5. Nf3 Bg4 6. Bd2 c6 7. Nd5 Qd8 8. Nxf6+ gxf6 9. h3 Bh5 10. Be2 e6 11. Bc3 Qc7 12. Nd2 Bg6 13. Bf3 Nd7 14. Ne4 Bxe4 15.
Bxe4 Rg8 16. g3 h5 17. Qxh5 f5 18. Bd3 Nf6 19. Qf3 Nd5 20. Bd2 O-O-O 21. h4 Bg7 22. c3 Qb6 23. O-O-O Nf6 24. h5 Ng4 25. Bxf5 Nh6 26. Bd3 Qa5 27. Kb1 Qb6 28. Bxh6 Bxh6 29.
Qxf7 Rh8 30. Qxe6+ Kb8 31. g4 Qc7 32. Qe5 Qxe5 33.
dxe5 Rhe8 34. Be2 Rxd1+ 35. Rxd1 Rxe5 36. Bd3 Re8 37. Rf1 1-0

[Event "Live Chess"]
[Site "Chess.com"]
[Date "2023.05.20"]
[Round "-"]
[White "Inglaterra"]
[Black "friarnator"]
[Result "1-0"]
[WhiteElo "2088"]
[BlackElo "1971"]
[TimeControl "300"]
[EndTime "10:06:54 PDT"]
[Termination "Inglaterra won by resignation"]

1. e4 c5 2. Nf3 d6 3. d4 cxd4 4. Nxd4 Nf6 5. Nc3 a6 6. Bg5 e6 7. f4 h6 8. Bxf6 Qxf6 9. Qd2 g5 10. f5 exf5 11. Nxf5 Bxf5 12. exf5 Qxf5 13. O-O-O Qf4 14. Re1+ Kd8 15. Re3 Nc6 16. Nd5 Bg7 17. Nxf4 1-0

[Event "Live Chess"]
[Site "Chess.com"]
[Date "2023.05.20"]
[Round "-"]
[White "Assassin696969"]
[Black "nigelst"]
[Result "1/2-1/2"]
[WhiteElo "2114"]
[BlackElo "1847"]
[TimeControl "300"]
[EndTime "10:06:55 PDT"]
[Termination "Game drawn - insufficient material"]

1. e4 c6 2. Nc3 d5 3. Nf3 Bg4 4. h3 Bxf3 5. Qxf3 Nf6 6. g3 dxe4 7. Nxe4 Nxe4 8. Qxe4 Qd5 9. Bg2 Qxe4+ 10. Bxe4 Nd7 11. c3 Nf6 12. Bg2 e6 13. O-O Bd6 14. d4 O-O 15.
Bg5 Nd7 16. Rfe1 Rfe8 17. Rad1 Be7 18. Bf4 Nf6 19. a4 Rad8 20. a5 Bd6 21. Be5 Bxe5 22. Rxe5 a6 23. c4 Rd7 24. d5 Red8 25. Kh2 cxd5 26. cxd5 Nxd5 27. Rc1 Kf8 28. Rh5 h6 29. Rh4 Ke7 30. Rg4 g5 31. Rgc4 Nf6 32. Rc7 Rxc7 33. Rxc7+ Rd7 34. Rxb7 Rxb7 35. Bxb7 Kd6 36. Bxa6 Kc5 37.
Bd3 Nd5 38. h4 Kb4 39. hxg5 hxg5 40. a6 Kb3 41. Be4 Nb6 42. a7 Kxb2 43. a8=Q Nxa8 44. Bxa8 Kc3 45. Kg2 Kd4 46. Kf3 Ke5 47. Ke3 f5 48.
f4+ gxf4+ 49. gxf4+ Kd6 50. Bf3 e5 51. Bh5 exf4+ 52.
Kxf4 Ke6 53. Bg4 fxg4 54. Kxg4 1/2-1/2

[Event "Live Chess"]
[Site "Chess.com"]
[Date "2023.05.20"]
[Round "-"]
[White "TDCMF"]
[Black "jagbama"]
[Result "0-1"]
[WhiteElo "340"]
[BlackElo "1132"]
[TimeControl "300"]
[EndTime "10:06:55 PDT"]
[Termination "jagbama won by checkmate"]

1. e4 e5 2. Nf3 Nc6 3. Bc4 Bc5 4. Ng5 Qxg5 5. d3 Qxg2 6. Rf1 Nd4 7. Qh5 Nf3+ 8. Ke2 Nd4+ 9. Ke1 Nxc2+ 10. Kd2 Nxa1 11. Qxf7+ Kd8 12. Qf8+ Bxf8 13. Nc3 Qxf1 14. Ne2 Qxf2 15. Bxg8 Bb4+ 16. Kd1 Qe1# 0-1

[Event "Live Chess"]
[Site "Chess.com"]
[Date "2023.05.20"]
[Round "-"]
[White "thrithik"]
[Black "MaximKhimchenko"]
[Result "0-1"]
[WhiteElo "470"]
[BlackElo "1366"]
[TimeControl "300"]
[EndTime "10:06:59 PDT"]
[Termination "MaximKhimchenko won by checkmate"]

1. a3 e5 2. Nc3 d5 3. Nf3 e4 4. Ne5 Nf6 5. Nb5 Bd6 6. Nxf7 Kxf7 7. Nxd6+ Qxd6 8. b4 Ng4 9. d3 Qf6 10. f3 Ne5 11.
fxe4 dxe4 12. dxe4 Ng4 13. Qd5+ Be6 14. Qxb7 Nd7 15.
Qxc7 Rac8 16. Qxa7 Rxc2 17. Bf4 Qxf4 18. Rd1 Rd8 19.
Rxd7+ Rxd7 20. Qa8 Qf2# 0-1

[Event "Live Chess"]
[Site "Chess.com"]
[Date "2023.05.20"]
[Round "-"]
[White "ms_lilley"]
[Black "ZackirtyChess"]
[Result "0-1"]
[WhiteElo "564"]
[BlackElo "1154"]
[TimeControl "300"]
[EndTime "10:07:03 PDT"]
[Termination "ZackirtyChess won - game abandoned"]

1. d4 f5 2. e3 Nc6 3. a3 Nf6 4. Nf3 g6 5. h3 Bg7 6. c3 d5 7.
b4 a6 8. a4 O-O 9. b5 axb5 10.
Bxb5 Na7 11. Qd3 c6 0-1

[Event "Live Chess"]
[Site "Chess.com"]
[Date "2023.05.20"]
[Round "-"]
[White "ClassyChameleon"]
[Black "Ishaan1618"]
[Result "1-0"]
[WhiteElo "1043"]
[BlackElo "708"]
[TimeControl "300"]
[EndTime "10:07:07 PDT"]
[Termination "ClassyChameleon won by checkmate"]

1. e4 d6 2. Nf3 e5 3. Bc4 Bd7 4. d3 Qe7 5. O-O Na6 6. a3 O-O-O 7. Nc3 g6 8. Nd5 Qe8 9. Bg5 Be7 10. Nxe7+ Nxe7 11. Bxa6 bxa6 12. c4 Ba4 13. b3 Bd7 14. d4 exd4 15. Qxd4 Qf8 16. Qxa7 Bb5 17. cxb5 Qe8 18. bxa6 Kd7 19. Rad1 Ra8 20. Qb7 Rb8 21. Qa7 Rb7 22. axb7 Kd8 23. b8=Q+ Kd7 24. Qbxc7+ Ke6 25. Qxe7+ Qxe7 26. Qxe7# 1-0

[Event "Live Chess"]
[Site "Chess.com"]
[Date "2023.05.20"]
[Round "-"]
[White "bristolunichess"]
[Black "boilerboy1"]
[Result "1-0"]
[WhiteElo "1876"]
[BlackElo "1095"]
[TimeControl "300"]
[EndTime "10:07:10 PDT"]
[Termination "bristolunichess won by checkmate"]

1. e4 e5 2. Nf3 d6 3. Bc4 Be7 4. d4 exd4 5. Nxd4 Nf6 6. Nc3 c6 7. O-O O-O 8. a4 Bg4 9. f3 Bh5 10. Bf4 Nbd7 11. Nf5 Qb6+ 12. Kh1 Rfe8 13. Bxd6 Bd8 14.
a5 Qxb2 15. Na4 Nxe4 16. Nxb2 Nxd6 17. Nxd6 Re7 18. Nd3 Ne5 19. Nxe5 Rxe5 20. Nxb7 Bf6 21. g4 Bg6 22. Kg2 Re7 23. Nd6 c5 24. Rb1 Bd4 25. f4 h6 26. f5 Bh7 27. c3 Bxc3 28. Qd5 Rf8 29. Nxf7 Rexf7 30. Qxf7+ Rxf7 31. Rb8# 1-0

[Event "Live Chess"]
[Site "Chess.com"]
[Date "2023.05.20"]
[Round "-"]
[White "CocheseUK"]
[Black "Reggie016"]
[Result "1-0"]
[WhiteElo "1124"]
[BlackElo "1043"]
[TimeControl "300"]
[EndTime "10:07:24 PDT"]
[Termination "CocheseUK won by resignation"]

1. e4 e6 2. d4 d5 3. e5 c5 4. c3 Nc6 5. Nf3 Bd7 6. Be2 Qb6 7. O-O cxd4 8. cxd4 Nge7 9. Nc3 Nf5 10. Nb5 a6 11.
Nd6+ Nxd6 12. exd6 Bxd6 13. b3 O-O 14. Be3 Qc7 15.
Qc2 Rac8 16. Rac1 Rfe8 17. Bd3 g6 18. Qb2 Qb6 19. Rc2 e5 20. dxe5 Nxe5 21. Bxb6 Nxd3 22. Qf6 Rxc2 23. Bd4 Be5 24. Nxe5 1-0

[Event "Live Chess"]
[Site "Chess.com"]
[Date "2023.05.20"]
[Round "-"]
[White "whitedjohn"]
[Black "Chesscoach_Golichenko"]
[Result "0-1"]
[WhiteElo "1656"]
[BlackElo "2647"]
[TimeControl "300"]
[EndTime "10:07:26 PDT"]
[Termination "Chesscoach_Golichenko won by resignation"]

1. e4 Nf6 2. e5 Nd5 3. d4 d6 4. f4 dxe5 5. fxe5 Bf5 6. Bd3 e6 7.
Bxf5 exf5 8. c3 Qh4+ 9. Kf1 c5 10. Nf3 Qd8 11. Qb3 Nb6 12. Be3 c4 13. Qb5+ Nc6 14.
d5 Qxd5 15. Qxd5 Nxd5 0-1

[Event "Live Chess"]
[Site "Chess.com"]
[Date "2023.05.20"]
[Round "-"]
[White "MrDodgy"]
[Black "Olisingapore"]
[Result "1-0"]
[WhiteElo "2327"]
[BlackElo "1944"]
[TimeControl "300"]
[EndTime "10:07:37 PDT"]
[Termination "MrDodgy won by resignation"]

1. d4 Nf6 2. c4 e6 3. g3 d5 4.
Bg2 Be7 5. Nf3 O-O 6. O-O dxc4 7. Qc2 a6 8. Qxc4 b5 9. Qc2 Nd5 10. Bd2 Bb7 11. e4 Nf6 12. e5 Nd5 13. Nc3 c5 14.
dxc5 Nxc3 15. Qxc3 Bd5 16. b4 Nc6 17. Rfd1 a5 18.
a3 Ra6 19. Be3 Qa8 20. Rxd5 exd5 21. Rd1 axb4 22. axb4 Ra3 23. Qe1 Qa4 24. Bd2 Ra8 25. e6 f6 26. Nh4 Ra1 27. Rxa1 Qxa1 28. Bxd5 Qxe1+ 29. Bxe1 Ra1 30. Bxc6 Rxe1+ 31. Kg2 Rxe6 32. Bd5 Kf7 33. Nf5 g6 34. Nd4 f5 35. Bxe6+ Kf6 36. Bd7 Ke5 37. Nxb5 Kd5 38. c6 Bd8 39. c7 Bxc7 40.
Nxc7+ Kd6 41. Bxf5 Kxc7 42. Bd3 Kc6 43. h4 Kb6 44. h5 gxh5 45. Kh3 1-0

[Event "Live Chess"]
[Site "Chess.com"]
[Date "2023.05.20"]
[Round "-"]
[White "wadsy27"]
[Black "MartaMost"]
[Result "1-0"]
[WhiteElo "2589"]
[BlackElo "1132"]
[TimeControl "300"]
[EndTime "10:07:37 PDT"]
[Termination "wadsy27 won by checkmate"]

1. e4 e5 2. Nf3 Nc6 3. Bb5 Qf6 4. Nc3 a6 5. Nd5 Qd6 6. Bc4 Na5 7. Bd3 c6 8. Ne3 Qc5 9. a3 d5 10. b4 Qb6 11. bxa5 Qxa5 12. O-O dxe4 13. Bxe4 Bc5 14. Bb2 Bxe3 15. fxe3 f6 16. Nxe5 fxe5 17. Qh5+ g6 18. Bxg6+ hxg6 19. Qxg6+ Ke7 20. Rf7+ Ke8 21. Rh7+ Kf8 22.
Qg7+ Ke8 23. Qf7+ Kd8 24. Qf8# 1-0

[Event "Live Chess"]
[Site "Chess.com"]
[Date "2023.05.20"]
[Round "-"]
[White "Davidagye"]
[Black "Prijmak"]
[Result "1-0"]
[WhiteElo "1671"]
[BlackElo "979"]
[TimeControl "300"]
[EndTime "10:07:42 PDT"]
[Termination "Davidagye won by resignation"]

1. e4 e5 2. Nc3 Nc6 3. Bc4 Nf6 4. d3 d6 5. Nge2 Bg4 6. h3 Be6 7. Bb3 Bxb3 8. axb3 a6 9. Kf1 Be7 10. g3 Qd7 11. Kg2 O-O 12. f4 h6 13. f5 Kh7 14. g4 g5 15. Ng3 Nd4 16. h4 Kg7 17.
hxg5 hxg5 18. Bxg5 Rh8 19. Bxf6+ Bxf6 20. Nh5+ Kg8 21. Nxf6+ 1-0

[Event "Live Chess"]
[Site "Chess.com"]
[Date "2023.05.20"]
[Round "-"]
[White "tpm07"]
[Black "Ra2orLeaf"]
[Result "1-0"]
[WhiteElo "1996"]
[BlackElo "1135"]
[TimeControl "300"]
[EndTime "10:07:43 PDT"]
[Termination "tpm07 won by resignation"]

1. e4 c5 2. Nf3 Nc6 3. d4 cxd4 4. Nxd4 Qc7 5. Nc3 e5 6. Ndb5 Qd8 7. Nd5 Bb4+ 8. Bd2 Bxd2+ 9. Qxd2 Nge7 10. Nbc7+ Kf8 11. Nxa8 b6 12. Nac7 Nxd5 13. Nxd5 Bb7 14. Be2 1-0